 Dungeon Crawl Stone Soup version 0.21.0-3-g78d12a8 (webtiles) character file.

180861 inmateoo the Impaler (level 17, -3/162 HPs)
             Began as a Minotaur Fighter on Jan 17, 2018.
             Was the Champion of the Shining One.
             Killed from afar by a deep elf sorcerer (25 damage)
             ... with a bolt of acid
             ... on level 3 of the Elven Halls.
             The game lasted 00:34:03 (25875 turns).

inmateoo the Impaler (Minotaur Fighter)            Turns: 25875, Time: 00:34:03

Health: -3/162     AC: 30    Str: 28    XL:     17   Next: 65%
Magic:  21/25      EV: 19    Int:  4    God:    the Shining One [******]
Gold:   801        SH: 10    Dex: 21    Spells: 16/16 levels left

rFire    + + .     SeeInvis .   F - +9 trident of Xycevib {holy, +Rage rF++ rC+ Str+4 Int-3}
rCold    + + .     Gourm    +   R - +2 buckler {rC+}
rNeg     + + +     Faith    .   B - +5 chain mail of Indecent Exposure {rElec Slay+5}
rPois    +         Spirit   .   Z - +1 hat {MR+}
rElec    +         Reflect  .   r - +2 cloak {MR+}
rCorr    .         Harm     .   t - +2 pair of gloves {Dex+3}
MR       +++..                  G - +2 pair of boots "Plog" {*Contam rElec Dex+6 Stlth+}
Stlth    +.........             y - amulet of the gourmand
HPRegen  0.37/turn              V - ring "Juureh" {rPois Stlth+}
MPRegen  0.19/turn              I - +5 ring of slaying

@: glowing
A: retaliatory headbutt, horns 2
a: Divine Shield, Cleansing Flame, Summon Divine Warrior, Brand Weapon With Holy
Wrath, Renounce Religion, Evoke Berserk Rage


You were on level 3 of the Elven Halls.
You worshipped the Shining One.
The Shining One was exalted by your worship.
You were very full.

You visited 5 branches of the dungeon, and saw 27 of its levels.
You also visited: Ice Cave.

You collected 2754 gold pieces.
You spent 1953 gold pieces at shops.

Inventory:

Hand Weapons
 F - the +9 trident of Xycevib (weapon) {holy, +Rage rF++ rC+ Str+4 Int-3}
   (You found it on level 7 of the Dungeon)

   It has been blessed by the Shining One to cause great damage to the undead
   and demons.
   It affects your strength (+4).
   It affects your intelligence (-3).
   It greatly protects you from fire.
   It protects you from cold.
   It lets you go berserk.
Armour
 r - a +2 cloak of magic resistance (worn)
 t - a +2 pair of gloves of dexterity (worn)
 B - the +5 chain mail of Indecent Exposure (worn) {rElec Slay+5}
   (You took it off a deep elf blademaster on level 3 of the Elven Halls)

   It affects your accuracy and damage with ranged weapons and melee attacks
   (+5).
   It insulates you from electricity.
 G - the +2 pair of boots "Plog" (worn) {*Contam rElec Dex+6 Stlth+}
   (You bought it in a shop on level 7 of the Dungeon)

   It affects your dexterity (+6).
   It insulates you from electricity.
   It causes magical contamination when unequipped.
   It makes you more stealthy.
 M - the +5 scale mail of Trumpets {Regen+ rCorr}
   (You found it in an ice cave)

   It increases your rate of regeneration.
   It protects you from acid and corrosion.
 R - a +2 buckler of cold resistance (worn)
 T - the +3 ice dragon scales of the Depths {rF- rC++ rN+ Slay+3}
   (You found it in an ice cave)

   It affects your accuracy and damage with ranged weapons and melee attacks
   (+3).
   It makes you vulnerable to fire.
   It greatly protects you from cold.
   It protects you from negative energy.
 Z - a +1 hat of magic resistance (worn)
Jewellery
 w - an uncursed ring of poison resistance {unknown}
 y - an amulet of the gourmand (around neck)
 A - an uncursed ring of fire
 I - a +5 ring of slaying (right hand)
 N - an uncursed ring of resist corrosion
 V - the ring "Juureh" (left hand) {rPois Stlth+}
   (You found it on level 2 of the Lair of Beasts)

   [ring of poison resistance]

   It protects you from poison.
   It makes you more stealthy.
Wands
 a - a wand of paralysis (79)
 l - a wand of disintegration (19)
 n - a wand of digging (42)
 o - a wand of flame (24)
 D - a wand of iceblast (9)
 K - a wand of polymorph (25)
 Q - a wand of scattershot (10)
 U - a wand of acid (7)
Scrolls
 c - a scroll of silence
 p - 6 scrolls of fog
 s - 8 scrolls of identify
 u - 2 scrolls of magic mapping
 v - 7 scrolls of remove curse
 z - 8 scrolls of enchant armour
 C - 4 scrolls of teleportation
 J - 2 scrolls of amnesia
 P - 2 scrolls of blinking
 S - 3 scrolls of enchant weapon
 W - a scroll of brand weapon
Potions
 b - 5 potions of cancellation
 d - 6 potions of haste
 e - 2 potions of heal wounds
 g - a potion of invisibility {unknown}
 h - 3 potions of flight
 i - 2 potions of lignification
 j - 4 potions of brilliance
 k - 6 potions of agility
 m - 4 potions of mutation
 q - 3 potions of magic
 x - 13 potions of curing
 E - 4 potions of ambrosia
 H - 3 potions of might
Comestibles
 f - 46 rations


   Skills:
 * Level 17.4 Fighting
   Level 8.0 Long Blades
 * Level 18.4 Polearms
 + Level 14.9 Armour
 + Level 13.2 Dodging
 - Level 12.0 Shields
 + Level 12.2 Invocations


You had 16 spell levels left.
You didn't know any spells.

Dungeon Overview and Level Annotations

Branches:
Dungeon (15/15)            Temple (1/1) D:4            Lair (6/6) D:9
 Shoals (0/4) Lair:4       Spider (0/4) Lair:2        Slime (0/5) Lair:6
    Orc (2/2) D:11            Elf (3/3) Orc:2        Vaults (0/5) D:14
 Depths (0/5) D:15

Altars:
Ashenzari
Elyvilon
Fedhas
Gozag
Kikubaaqudgha
Okawaru
Qazlal
Ru
Vehumet
Xom
Zin
The Shining One

Shops:
D:4 =(=%?   D:7 *[:[}   D:10 [*==[   D:11 *   Orc:1 !   Orc:2 :?=!


Innate Abilities, Weirdness & Mutations

You reflexively headbutt those who attack you in melee.
You have a pair of horns on your head.


Message History

Unknown command.
A deep elf sorcerer comes into view. It is wielding a broad axe of chopping.
Attack whom?
Press: ? - help, Dir - move target cursor, f - deep elf sorcerer
Aim: a deep elf sorcerer, wielding a broad axe of chopping, wearing a robe and wearing a shiny bone ring (hasn't noticed you, haloed)
You reach to attack!
The deep elf sorcerer shouts!
You impale the deep elf sorcerer!!
The deep elf sorcerer is heavily wounded.
The deep elf sorcerer points at you and mumbles some strange words.
The sphere of damnation explodes!
The damnation engulfs you!
* * * LOW HITPOINT WARNING * * *
Attack whom?
Press: ? - help, Dir - move target cursor, f/p - deep elf sorcerer
Aim: a deep elf sorcerer, wielding a broad axe of chopping, wearing a robe and wearing a shiny bone ring (heavily wounded, haloed)
You reach to attack!
You puncture the deep elf sorcerer!
The deep elf sorcerer is severely wounded.
The deep elf sorcerer points at you and mumbles some strange words.
The bolt of acid hits you!
You die...

.....#..#...#..#....#..#...#
.....#..#...#..#....#..#...#
.....#..'...#..#....#..#...#
.....#..#...#.e#....#..#...#
.....#..#...#..#....#..#...#
.....#......#..#....#..#...#
....)#......#..e....+..#...#
.....'....).#..#....#..#...#
.....#...)).#..#@...#..#...#
.....#))..))'..#+####..#...#
.....#..#...#..........#...#
######).#..............#...#
........#x.....####'####...#
........'..)...............#
'#####..#.......)e.........#
.....#..#...###...E###'#...#
.....[..#...'......E...#...#


You could see a deep elf sorcerer.

Vanquished Creatures
  2 deep elf blademasters (Elf:3)
  Frances (D:13)
  Gastronok (D:11)
  A storm dragon (D:13)
  Roxanne (Elf:2)
  A fire giant (D:15)
  Aizul (Elf:2)
  4 deep elf elementalists (Elf:3)
  7 deep elf sorcerers
  4 deep elf annihilators (Elf:3)
  3 deep elf demonologists
  Snorg (Orc:2)
  A fire dragon (D:13)
  7 deep elf high priests
  Fannar (Orc:1)
  5 hydras
  2 death knights (D:13)
  2 centaur warriors
  6 two-headed ogres
  32 dancing weapons
  A deep troll earth mage (D:13)
  2 tengu warriors (D:14)
  4 orc high priests
  21 deep elf knights
  A skeletal warrior (D:13)
  6 unseen horrors
  A harpy (D:13)
  12 deep elf archers
  6 orc knights
  A lindwurm (Lair:3)
  A necromancer (D:13)
  A mana viper (shapeshifter) (Elf:1)
  An orange crystal statue (D:10)
  3 orc sorcerers (Orc:2)
  4 ugly things
  7 cyclopes
  An oklob plant (Lair:1)
  A manticore (D:12)
  58 deep elf magi
  14 elephants
  Maurice (D:10)
  3 ice statues (IceCv)
  3 black mambas
  26 spiny frogs
  5 centaur skeletons
  A freezing wraith (D:15)
  2 efreet
  5 komodo dragons
  5 rime drakes (Lair:6)
  A small abomination (Elf:3)
  A queen bee (shapeshifter) (Elf:1)
  4 tengu conjurers (D:14)
  9 trolls
  A queen bee (D:10)
  4 tyrant leeches (Lair:6)
  A raiju (shapeshifter) (D:11)
  4 hornets
  16 blink frogs (Lair:6)
  4 polar bears (Lair:3)
  4 hippogriffs
  5 dream sheep (Lair:6)
  5 slime creatures (D:13)
  A redback (Lair:2)
  2 vampires (D:12)
  4 wraiths
  5 air elementals
  10 water elementals
  Sigmund (D:3)
  2 shadows
  A basilisk (D:15)
  A wyvern (D:13)
  27 yaks
  A hungry ghost (D:14)
  7 vampire mosquitoes
  An acid dragon (D:13)
  5 wargs
  2 porcupines
  17 water moccasins
  26 orc warriors
  10 sky beasts
  4 black bears
  7 ice beasts
  13 ogres
  6 phantoms
  A necrophage (D:6)
  7 wolves
  3 eyes of draining
  14 centaurs
  15 crocodiles
  A big kobold (D:9)
  23 bullfrogs
  2 earth elementals
  A wyvern skeleton (D:13)
  11 scorpions
  27 killer bees (D:10)
  2 howler monkeys
  An electric eel (Lair:6)
  9 crimson imps
  3 centaur zombies
  2 bullfrog zombies
  9 hounds
  25 jellies
  16 orc priests
  2 bullfrog skeletons
  28 orc wizards
  Natasha (D:3)
  3 iguanas
  10 worker ants
  2 hound skeletons
  A worker ant zombie (D:11)
  8 gnolls
  12 adders
  4 shadow imps
  15 oozes
  A worm (D:2)
  5 dart slugs
  3 leopard geckos
  80 orcs
  A ball python (D:2)
  3 giant cockroaches
  3 hobgoblins
  15 jackals
  2 quokkas
  17 bats
  2 frilled lizards (D:2)
  5 goblins
  8 kobolds
  A leopard gecko skeleton (D:5)
  A leopard gecko zombie (D:6)
  A quokka zombie (D:9)
  5 rats
  A crawling corpse (Elf:3)
  3 plants
907 creatures vanquished.

Vanquished Creatures (collateral kills)
  A dancing weapon (Elf:2)
  A deep elf mage (Elf:2)
2 creatures vanquished.

Vanquished Creatures (others)
  A tengu reaver (D:13)
  A dancing weapon (Elf:2)
  A deep elf mage (Elf:2)
  24 fungi
  35 plants (Lair:6)
62 creatures vanquished.

Grand Total: 971 creatures vanquished

Notes
Turn   | Place    | Note
-------+----------+-------------------------------------------
     0 | D:1      | inmateoo the Minotaur Fighter began the quest for the Orb.
     0 | D:1      | Reached XP level 1. HP: 19/19 MP: 0/0
   246 | D:1      | Reached XP level 2. HP: 27/27 MP: 1/1
   971 | D:2      | Reached XP level 3. HP: 26/33 MP: 2/2
  1727 | D:3      | Reached XP level 4. HP: 38/40 MP: 3/3
  1845 | D:3      | Noticed Sigmund
  1855 | D:3      | Killed Sigmund
  1855 | D:3      | Reached skill level 1 in Dodging
  1855 | D:3      | Reached XP level 5. HP: 31/47 MP: 4/4
  1927 | D:3      | Noticed Natasha
  1939 | D:3      | Killed Natasha
  1939 | D:3      | Reached XP level 6. HP: 33/53 MP: 5/5
  2220 | D:4      | Reached skill level 5 in Long Blades
  2274 | D:4      | Found Naisime's Magic Scroll Emporium.
  2277 | D:4      | Bought a scroll of identify for 28 gold pieces
  2335 | D:4      | Identified Hermeneutics, Part One
  2594 | D:4      | Found Iruwaf's Jewellery Shoppe.
  2647 | D:4      | Found Weuv's Antique Weapon Shop.
  2666 | D:4      | Found Irobuiby's Jewellery Shoppe.
  2703 | D:4      | Found Efrunt's Food Emporium.
  2733 | D:4      | Found a staircase to the Ecumenical Temple.
  2746 | D:4      | Found an iron altar of Okawaru.
  2760 | Temple   | Entered the Ecumenical Temple
  2777 | Temple   | Became a worshipper of Elyvilon the Healer
  2813 | D:4      | Reached skill level 5 in Fighting
  2829 | D:4      | Reached skill level 5 in Shields
  3177 | D:4      | Reached skill level 5 in Armour
  3312 | D:5      | Entered Level 5 of the Dungeon
  3336 | D:5      | Reached * piety under Elyvilon
  3364 | D:5      | Found a shattered altar of Ashenzari.
  3390 | D:5      | Reached XP level 7. HP: 61/61 MP: 6/6
  3523 | D:5      | Reached skill level 1 in Invocations
  3883 | D:5      | Reached ** piety under Elyvilon
  4040 | D:5      | Reached XP level 8. HP: 45/70 MP: 8/8
  4456 | D:5      | Found the +7 Singing Sword
  4912 | D:7      | Got a dazzling trident
  4913 | D:7      | Identified the +9 trident of Xycevib {holy, +Rage rF++ rC+ Str+4 Int-3} (You found it on level 7 of the Dungeon)
  4944 | D:7      | Reached skill level 1 in Polearms
  5105 | D:7      | Found Lokio's Gadget Shoppe.
  5105 | D:7      | Found Enulic's Antique Armour Shop.
  5108 | D:7      | Reached XP level 9. HP: 78/78 MP: 10/10
  5116 | D:7      | Reached *** piety under Elyvilon
  5124 | D:7      | Bought a pair of fine boots for 199 gold pieces
  5129 | D:7      | Identified the +2 pair of boots "Plog" {*Contam rElec Dex+6 Stlth+} (You bought it in a shop on level 7 of the Dungeon)
  5161 | D:7      | Reached skill level 2 in Polearms
  5300 | D:7      | Found Xicir's Antique Armour Shop.
  5306 | D:7      | Noticed a troll
  5313 | D:7      | Killed a troll
  5313 | D:7      | Reached skill level 3 in Polearms
  5319 | D:7      | Found Sysesopu's Assorted Antiques.
  5342 | D:7      | Found Kutig's Book Shop.
  5590 | D:8      | Noticed a centaur warrior
  5592 | D:8      | Reached skill level 5 in Dodging
  5613 | D:8      | Killed a centaur warrior
  5613 | D:8      | Reached skill level 4 in Polearms
  5998 | D:8      | Reached skill level 5 in Polearms
  6178 | D:8      | Reached **** piety under Elyvilon
  6249 | D:8      | Reached XP level 10. HP: 88/88 MP: 12/12
  6474 | D:8      | Paralysed by a hornet for 2 turns
  6534 | D:7      | Bought a crude scale mail for 189 gold pieces
  6544 | D:7      | Identified the +2 scale mail of the Boiling Point {rElec rN+ Dex-2 SInv} (You bought it in a shop on level 7 of the Dungeon)
  7296 | D:9      | Reached skill level 6 in Polearms
  7312 | D:9      | Noticed a two-headed ogre
  7321 | D:9      | Killed a two-headed ogre
  7321 | D:9      | Reached skill level 5 in Invocations
  7605 | D:9      | Reached ***** piety under Elyvilon
  7635 | D:9      | Reached skill level 7 in Polearms
  7788 | D:9      | Found a staircase to the Lair.
  7989 | D:10     | Entered Level 10 of the Dungeon
  8011 | D:10     | Noticed an orange crystal statue
  8015 | D:10     | Noticed a two-headed ogre
  8198 | D:10     | Noticed an unseen horror
  8204 | D:10     | Killed an unseen horror
  8204 | D:10     | Reached XP level 11. HP: 95/95 MP: 14/14
  8242 | D:10     | Reached skill level 8 in Polearms
  8323 | D:10     | Noticed a two-headed ogre
  8329 | D:10     | Killed a two-headed ogre
  8414 | D:10     | Found Zymuc's General Store.
  8415 | D:10     | Found Rekysul's Antique Armour Shoppe.
  8446 | D:10     | Found Zorodobu's Jewellery Shop.
  8446 | D:10     | Found Xod Valibrit's Jewellery Emporium.
  8454 | D:10     | Noticed Maurice
  8465 | D:10     | Killed Maurice
  8545 | D:10     | Noticed an unseen horror
  8549 | D:10     | Killed an unseen horror
  8630 | D:10     | Found Zofaxown's Armour Emporium.
  8822 | D:10     | Killed an orange crystal statue
  8822 | D:10     | Reached skill level 9 in Polearms
  8943 | D:11     | Found a staircase to the Orcish Mines.
  8951 | D:11     | Found Fiag Titaun's Assorted Antiques.
  8964 | D:11     | Noticed a brown ugly thing
  8972 | D:11     | Killed a brown ugly thing
  9144 | D:11     | Noticed a purple ugly thing
  9153 | D:11     | Killed a purple ugly thing
  9362 | D:11     | Reached skill level 10 in Polearms
  9507 | D:11     | Noticed Gastronok
  9526 | D:11     | Killed Gastronok
  9526 | D:11     | Reached XP level 12. HP: 89/106 MP: 16/16
  9638 | D:12     | Reached skill level 10 in Fighting
  9741 | D:12     | Reached skill level 10 in Armour
  9759 | D:12     | Reached skill level 10 in Shields
 10449 | D:13     | Noticed a two-headed ogre
 10454 | D:13     | Killed a two-headed ogre
 10454 | D:13     | Reached skill level 11 in Polearms
 10624 | D:13     | Noticed a storm dragon
 10625 | D:13     | Noticed a deep troll earth mage
 10647 | D:13     | Killed a storm dragon
 10655 | D:13     | Noticed Frances
 10659 | D:13     | Noticed a deep elf high priest
 10662 | D:13     | Noticed a death knight
 10665 | D:13     | Noticed a fire dragon
 10667 | D:13     | Noticed a death knight
 10679 | D:13     | Noticed a tengu reaver
 11077 | D:13     | Killed a deep troll earth mage
 11274 | D:13     | Killed a death knight
 11290 | D:13     | Killed a fire dragon
 11566 | D:13     | Killed Frances
 11566 | D:13     | Reached skill level 12 in Polearms
 11566 | D:13     | Reached XP level 13. HP: 115/115 MP: 18/18
 11607 | D:13     | Found a white marble altar of Elyvilon.
 11609 | D:13     | Found a sacrificial altar of Ru.
 11776 | D:13     | Killed a tengu reaver
 12541 | D:14     | Reached ****** piety under Elyvilon
 12809 | D:14     | Reached skill level 13 in Polearms
 12892 | D:14     | Found a gate to the Vaults.
 13269 | D:14     | Reached skill level 10 in Dodging
 13421 | D:15     | Entered Level 15 of the Dungeon
 13507 | D:15     | Found a staircase to the Depths.
 13507 | D:15     | Noticed a fire giant
 13617 | D:15     | Killed a fire giant
 14611 | D:2      | Reached XP level 14. HP: 125/125 MP: 19/19
 15087 | Lair:1   | Entered Level 1 of the Lair of Beasts
 15992 | Lair:2   | Found a frozen archway.
 16022 | IceCv    | Entered an ice cave
 16149 | IceCv    | Got spiked ice dragon scales
 16160 | IceCv    | Identified the +3 ice dragon scales of the Depths {rF- rC++ rN+ Slay+3} (You found it in an ice cave)
 16165 | IceCv    | Got a translucent scale mail
 16176 | IceCv    | Identified the +5 scale mail of Trumpets {Regen+ rCorr} (You found it in an ice cave)
 16312 | Lair:2   | Found a hole to the Spider Nest.
 16482 | Lair:2   | Got a crude iron ring
 16998 | Lair:3   | Reached skill level 14 in Polearms
 18217 | Lair:4   | Found a staircase to the Shoals.
 19263 | Lair:6   | Entered Level 6 of the Lair of Beasts
 19470 | Lair:6   | Reached skill level 10 in Invocations
 19486 | Lair:6   | Reached skill level 15 in Polearms
 19487 | Lair:6   | Reached XP level 15. HP: 101/136 MP: 21/21
 19667 | Lair:6   | Identified the ring "Juureh" {rPois Stlth+} (You found it on level 2 of the Lair of Beasts)
 19979 | Lair:6   | Identified a scroll of acquirement
 20184 | Lair:6   | Found a staircase to the Slime Pits.
 20507 | Temple   | Fell from the grace of Elyvilon
 20507 | Temple   | Became a worshipper of the Shining One
 20507 | Temple   | Reached * piety under the Shining One
 20507 | Temple   | Reached ** piety under the Shining One
 20507 | Temple   | Reached *** piety under the Shining One
 20507 | Temple   | Reached **** piety under the Shining One
 20639 | Orc:1    | Entered Level 1 of the Orcish Mines
 20775 | Orc:2    | Entered Level 2 of the Orcish Mines
 20787 | Orc:2    | Noticed Snorg
 20794 | Orc:2    | Killed Snorg
 21191 | Orc:2    | Reached ***** piety under the Shining One
 21214 | Orc:2    | Found a staircase to the Elven Halls.
 21465 | Orc:2    | Found Siats's Jewellery Shoppe.
 21465 | Orc:2    | Found Maorghil's Distillery.
 21467 | Orc:2    | Found Idutuh's Magic Scroll Boutique.
 21467 | Orc:2    | Found Hadareh's Book Shoppe.
 21473 | Orc:2    | Bought a potion of heal wounds for 55 gold pieces
 21473 | Orc:2    | Bought a potion of haste for 110 gold pieces
 21473 | Orc:2    | Bought a potion of agility for 44 gold pieces
 21473 | Orc:2    | Bought a potion of agility for 44 gold pieces
 21473 | Orc:2    | Bought a potion of curing for 33 gold pieces
 21473 | Orc:2    | Bought a potion of curing for 33 gold pieces
 21473 | Orc:2    | Bought a potion of mutation for 88 gold pieces
 21473 | Orc:2    | Bought a potion of curing for 33 gold pieces
 21475 | Orc:2    | Bought a scroll of acquirement for 676 gold pieces
 21475 | Orc:2    | Bought a scroll of blinking for 97 gold pieces
 21475 | Orc:2    | Bought a scroll of teleportation for 39 gold pieces
 21475 | Orc:2    | Bought a scroll of teleportation for 39 gold pieces
 21475 | Orc:2    | Bought a scroll of identify for 26 gold pieces
 21686 | Orc:1    | Found Vesosh's Distillery.
 21689 | Orc:1    | Noticed Fannar
 21704 | Orc:1    | Killed Fannar
 21712 | Orc:1    | Bought a potion of haste for 110 gold pieces
 21712 | Orc:1    | Bought a potion of haste for 110 gold pieces
 21974 | Elf:1    | Entered Level 1 of the Elven Halls
 21994 | Elf:1    | Reached skill level 16 in Polearms
 22000 | Elf:1    | Found a radiant altar of Vehumet.
 22325 | Elf:1    | Found an ancient bone altar of Kikubaaqudgha.
 22452 | Elf:1    | Noticed a deep elf sorcerer
 22459 | Elf:1    | Killed a deep elf sorcerer
 22463 | Elf:1    | Reached skill level 15 in Fighting
 22476 | Elf:1    | Noticed an Ice Fiend
 22494 | Elf:1    | Reached XP level 16. HP: 62/149 MP: 23/23
 22927 | Elf:2    | Noticed Roxanne
 23366 | Elf:2    | Found a runed gate.
 23370 | Elf:2    | Found a runed gate.
 23370 | Elf:2    | Found a runed gate.
 23456 | Elf:2    | Reached skill level 17 in Polearms
 23799 | Elf:2    | Killed Roxanne
 23866 | Elf:2    | Noticed Aizul
 23885 | Elf:2    | Killed Aizul
 24519 | Elf:3    | Entered Level 3 of the Elven Halls
 24598 | Elf:3    | Reached XP level 17. HP: 159/159 MP: 24/24
 25379 | Elf:3    | Reached ****** piety under the Shining One
 25388 | Elf:3    | Reached skill level 18 in Polearms
 25473 | Elf:3    | Noticed a deep elf blademaster
 25527 | Elf:3    | Killed a deep elf blademaster
 25531 | Elf:3    | Noticed a deep elf blademaster
 25550 | Elf:3    | Killed a deep elf blademaster
 25670 | Elf:3    | Got a slimy chain mail
 25690 | Elf:3    | Identified the +5 chain mail of Indecent Exposure {rElec Slay+5} (You took it off a deep elf blademaster on level 3 of the Elven Halls)
 25875 | Elf:3    | Killed from afar by a deep elf sorcerer

Skill      XL: |  1  2  3  4  5  6  7  8  9 10 11 12 13 14 15 16 17 |
---------------+----------------------------------------------------+-----
Long Blades    | 3 4 5 6 8 |  8.0
Armour         | 4 5 6 7 8 9 10 11 12 13 14 | 14.9
Shields        | 4 5 6 7 8 9 10 11 12 | 12.0
Fighting       | 4 5 6 7 8 9 10 11 13 15 16 17 | 17.4
Dodging        | 1 2 3 4 5 6 8 9 10 11 12 13 | 13.2
Invocations    | 1 3 4 5 7 8 9 10 11 12 | 12.2
Polearms       | 1 5 7 10 12 13 15 16 17 18 | 18.4

Action                   |  1- 3 |  4- 6 |  7- 9 | 10-12 | 13-15 | 16-18 || total
-------------------------+-------+-------+-------+-------+-------+-------++-------
Melee: Long sword        |    80 |    63 |       |       |       |       ||   143
       Headbutt          |    11 |    18 |    45 |   104 |   308 |   106 ||   592
       Falchion          |       |    34 |   109 |       |       |       ||   143
       Trident           |       |       |    99 |   499 |  1277 |   529 ||  2404
       Double sword      |       |       |    28 |       |       |       ||    28
Invok: Summon Divine War |       |       |       |       |       |     1 ||     1
       Cleansing Flame   |       |       |       |       |       |     2 ||     2
 Abil: Evoke Berserk Rag |       |       |     1 |     2 |       |       ||     3
Evoke: Wand              |       |       |       |       |     1 |     5 ||     6
  Use: Potion            |     1 |     1 |       |     3 |       |       ||     5
       Scroll            |       |       |       |    31 |     6 |     2 ||    39
 Stab: Held in net/web   |       |       |     1 |       |       |       ||     1
       Sleeping          |       |       |       |     3 |     3 |       ||     6
       Distracted        |       |       |       |       |     1 |       ||     1
  Eat: Chunk             |     2 |     6 |    18 |     8 |    36 |    13 ||    83
       Ration            |       |       |       |     2 |     2 |       ||     4
Armor: Scale mail        |    40 |    29 |    73 |   134 |   178 |    87 ||   541
       Ice dragon scales |       |       |       |       |    12 |       ||    12
       Chain mail        |       |       |       |       |       |    11 ||    11
Dodge: Dodged            |    25 |    30 |    75 |   148 |   382 |   151 ||   811
Block: Shield            |    33 |    54 |   124 |   225 |    53 |       ||   489
       Buckler           |       |       |       |       |   283 |    89 ||   372
       Rpst.: Long sword |     8 |     4 |       |       |       |       ||    12
       Falchion          |       |     2 |    11 |       |       |       ||    13
       Double sword      |       |       |     5 |       |       |       ||     5
